 Dungeon Crawl Stone Soup version 0.24.0-1-gfbc8707122 (webtiles) character file.

Game seed: 18038950123973116452, levelgen mode: deterministic

29501 losten the Protected (level 13, 0/103 HPs)
             Began as a Demonspawn Berserker on Oct 27, 2019.
             Was a High Priest of Trog.
             Slain by a freezing wraith (4 damage)
             ... led by a death knight
             ... on level 12 of the Dungeon.
             The game lasted 00:42:06 (11932 turns).

losten the Protected (Demonspawn Berserker)        Turns: 11932, Time: 00:42:06

Health: 0/103      AC: 24    Str: 32    XL:     13   Next: 15%
Magic:  0/13       EV: 16    Int:  6    God:    Trog [*****.]
Gold:   536        SH:  0    Dex: 13    Spells: 12/12 levels left

rFire    . . .     SeeInvis +   G - +1 great mace (drain)
rCold    . . .     Gourm    .   (shield currently unavailable)
rNeg     . . .     Faith    .   C - +4 plate armour {rPois}
rPois    +         Spirit   +   (helmet unavailable)
rElec    .         Reflect  .   t - scarf {Spirit}
rCorr    .         Harm     .   A - +2 pair of gloves {archery}
MR       .....                  (no boots)
Stlth    ..........             y - amulet of regeneration
HPRegen  0.67/turn              L - +4 ring of strength
MPRegen  0.13/turn              K - +5 ring of evasion

@: mighty, berserk cooldown, slowed, lightly drained, very slow
A: horns 3, slimy green scales 2, see invisible, dopey 1, nightstalker 1,
powered by pain 1, wild magic 1
a: Berserk, Trog's Hand, Brothers in Arms, Renounce Religion


You were on level 12 of the Dungeon.
You worshipped Trog.
Trog was extremely pleased with you.
You were hungry.

You visited 2 branches of the dungeon, and saw 13 of its levels.

You collected 888 gold pieces.
You spent 352 gold pieces at shops.

Inventory:

Hand Weapons
 f - a +2 scimitar of flaming
 m - a +2 dire flail of protection
 w - a +0 shortbow of freezing
 G - a +1 great mace of draining (weapon)
 O - a +0 morningstar of protection
Missiles
 l - a throwing net
 B - 7 atropa-tipped darts (quivered)
 H - 37 arrows
 I - 13 javelins
 R - 18 silver javelins
Armour
 t - a scarf of spirit shield (worn)
 A - a +2 pair of gloves of archery (worn)
 C - a +4 plate armour of poison resistance (worn)
Jewellery
 i - an uncursed ring of stealth
 j - an uncursed ring of magical power
 p - an uncursed ring of protection from fire
 y - an amulet of regeneration (around neck)
 F - an uncursed ring of flight
 K - a +5 ring of evasion (right hand)
 L - a +4 ring of strength (left hand)
Wands
 b - a wand of paralysis (10)
 x - a wand of scattershot (4)
 D - a wand of digging (13)
 J - a wand of random effects (73)
 M - a wand of flame (19)
 N - a wand of iceblast (8)
Scrolls
 a - a scroll of blinking {unknown}
 e - 4 scrolls of teleportation {unknown}
 g - a scroll of torment {unknown}
 o - 10 scrolls of remove curse
 u - 5 scrolls of enchant weapon
 z - a scroll of fog {unknown}
 E - a scroll of immolation {unknown}
 Q - a scroll of random uselessness {unknown}
 S - 2 scrolls of magic mapping {unknown}
 U - a scroll of noise {unknown}
 W - a scroll of holy word {unknown}
 X - 2 scrolls of silence {unknown}
Potions
 d - 4 potions of curing
 h - a potion of ambrosia {unknown}
 k - a potion of magic {unknown}
 q - 3 potions of might {unknown}
 r - 2 potions of haste
 s - a potion of flight {unknown}
 v - 2 potions of lignification {unknown}
 V - a potion of heal wounds {unknown}
Miscellaneous
 n - a box of beasts
Comestibles
 c - 18 rations


   Skills:
 + Level 10.0(9.4) Fighting
 + Level 3.8(3.3) Long Blades
   Level 10.1(11.1) Axes
 + Level 10.1(11.1) Maces & Flails
 + Level 3.0(2.5) Throwing
 + Level 10.2(9.6) Armour
 + Level 5.7(5.2) Dodging
 + Level 2.2(1.7) Stealth
 + Level 0.2(0.0) Evocations


You had 12 spell levels left.
You didn't know any spells.
Your spell library contained the following spells:

 Spells                   Type           Power        Failure   Level  Hunger
 Corona                   Hex            #......      98%         1    ##.....
 Sandblast                Erth           #.....       98%         1    ##.....
 Passwall                 Tmut/Erth      #.......     99%         2    ###....
 Slow                     Hex            #.......     99%         2    ###....
 Inner Flame              Hex/Fire       #.......     100%        3    ####...
 Portal Projectile        Hex/Tloc       #.....       100%        3    ####...
 Stone Arrow              Conj/Erth      #.....       100%        3    ####...
 Cause Fear               Hex            #.........   100%        4    #####..
 Leda's Liquefaction      Hex/Erth       #.........   100%        4    #####..
 Petrify                  Tmut/Erth      #.......     100%        4    #####..
 Lee's Rapid Deconstruct  Erth           #.........   100%        5    ######.


Dungeon Overview and Level Annotations

Branches:
Dungeon (12/15)            Temple (1/1) D:7            Lair (0/6) D:8
    Orc (0/2) D:10

Altars:
Cheibriados
Elyvilon
Fedhas
Gozag
Qazlal
Trog
Xom
Yredelemnul

Shops:
D:6 }   D:10 [

Portals:
Trove: D:12 (give +3 gold dragon scales)


Innate Abilities, Weirdness & Mutations

You have a pair of large horns on your head.
You are mostly covered in slimy green scales. (AC +3)
You are slightly more attuned to the shadows.
You sometimes gain a little power by taking damage.
You have supernaturally acute eyesight. (SInv)
You are dopey. (Int -2)
Your spells are a little harder to cast, but a little more powerful.


Message History

You feel as though you will be slow longer.
The freezing wraith misses you. The freezing wraith closely misses you.
You bludgeon the freezing wraith!!
The freezing wraith is severely damaged.
The freezing wraith misses you.
The freezing wraith hits you but does no damage.
You closely miss the freezing wraith.
The freezing wraith is severely damaged.
The freezing wraith closely misses you.
The freezing wraith hits you but does no damage.
The freezing wraith hits you.
* * * LOW HITPOINT WARNING * * *
The freezing wraith freezes you!!
* * * LOW HITPOINT WARNING * * *
The freezing wraith hits you but does no damage.
You thump the freezing wraith!
The freezing wraith is almost destroyed.
The freezing wraith hits you but does no damage.
The freezing wraith hits you.
You die...

.#
#.........###....
...###........#
#....
......###.....##
#....
#......###..###
#....
#......#..##
##..[ #.......(##
##.. #.....(##
##. .. #..W((##
## ....#)@)## #
......(##
.......# ......##
....## ...# ###


You could see a freezing wraith.

Vanquished Creatures
  A stone giant (D:10)
  Harold (D:7)
  A hydra (D:12)
  Erica (D:9)
  2 death knights (D:12)
  A tengu warrior (D:10)
  4 two-headed ogres
  A skeletal warrior (D:12)
  5 unseen horrors
  A phantasmal warrior (D:12)
  A flayed ghost (D:10)
  2 deep elf magi (D:12)
  Pikel (D:9)
  2 ugly things (D:11)
  2 cyclopes
  Maurice (D:9)
  A kobold demonologist (D:11)
  5 trolls
  A hornet (D:9)
  A slime creature (D:11)
  3 hippogriffs
  2 wraiths (D:12)
  A vampire (D:9)
  3 wyverns
  21 yaks
  A basilisk (D:11)
  3 hungry ghosts (D:11)
  A steam dragon (D:12)
  An acid dragon (D:11)
  3 soldier ants
  Duvessa (D:6)
  A sky beast (D:5)
  A water moccasin (D:12)
  9 orc warriors
  A black bear (D:9)
  An eye of draining (D:11)
  3 ice beasts
  2 phantoms
  10 ogres
  9 centaurs
  2 crocodiles (D:7)
  A big kobold (D:11)
  5 bullfrogs
  A wyvern zombie (D:6)
  2 wyvern skeletons (D:11)
  Dowan (D:6)
  3 scorpions
  4 wights (D:11)
  17 killer bees
  5 howler monkeys
  3 bullfrog zombies
  8 crimson imps
  3 quasits
  6 hounds
  6 jellies
  4 orc priests
  4 centaur skeletons
  12 orc wizards
  2 bullfrog skeletons
  3 iguanas
  Terence (D:2)
  10 worker ants
  3 hound zombies
  3 hound skeletons
  A howler monkey zombie (D:8)
  A worker ant zombie (D:6)
  8 gnolls
  8 adders
  A howler monkey skeleton (D:11)
  4 shadow imps
  An ooze (D:3)
  2 adder skeletons
  3 worms
  5 dart slugs
  7 leopard geckos
  43 orcs
  6 giant cockroaches
  2 gnoll zombies (D:8)
  5 goblins
  6 hobgoblins
  11 jackals
  7 kobolds
  4 quokkas
  4 ball pythons
  8 bats
  2 frilled lizards
  A jackal skeleton (D:4)
  2 leopard gecko zombies (D:8)
  10 rats
373 creatures vanquished.

Vanquished Creatures (others)
  A slave (D:9)
  A howler monkey (D:12)
2 creatures vanquished.

Grand Total: 375 creatures vanquished

Notes
Turn   | Place    | Note
-------+----------+-------------------------------------------
     0 | D:1      | losten the Demonspawn Berserker began the quest for the
                  | Orb.
     0 | D:1      | Reached XP level 1. HP: 18/18 MP: 1/1
   374 | D:1      | Gained mutation: You are partially covered in slimy green
                  | scales. (AC +2) [demonic ancestry]
   374 | D:1      | Reached XP level 2. HP: 15/24 MP: 2/2
  1082 | D:1      | Reached XP level 3. HP: 24/29 MP: 3/3
  1327 | D:2      | Gained mutation: You have a pair of small horns on your
                  | head. [demonic ancestry]
  1327 | D:2      | Reached XP level 4. HP: 4/35 MP: 4/4
  1565 | D:2      | Reached ** piety under Trog
  1878 | D:2      | Noticed Terence
  1894 | D:2      | Killed Terence
  1935 | D:2      | You fall into a shaft and drop 1 floor!
  1946 | D:3      | Reached skill level 1 in Stealth
  2119 | D:2      | Reached XP level 5. HP: 41/41 MP: 5/5
  2488 | D:3      | Reached skill level 1 in Axes
  3284 | D:4      | Reached XP level 6. HP: 31/48 MP: 6/6
  3399 | D:4      | Reached *** piety under Trog
  3790 | D:4      | Found a shimmering altar of Xom.
  3799 | D:4      | Found a shimmering altar of Xom.
  3799 | D:4      | Found a shimmering altar of Xom.
  3800 | D:4      | Found a shimmering altar of Xom.
  3962 | D:4      | Reached XP level 7. HP: 44/55 MP: 7/7
  4309 | D:4      | Found a bloodstained altar of Trog.
  4341 | D:5      | Entered Level 5 of the Dungeon
  4946 | D:5      | Found a snail-covered altar of Cheibriados.
  5086 | D:6      | Noticed Dowan
  5088 | D:6      | Noticed Duvessa
  5115 | D:6      | Reached skill level 5 in Fighting
  5128 | D:6      | Killed Dowan
  5128 | D:6      | Gained mutation: You have a pair of horns on your head.
                  | [demonic ancestry]
  5128 | D:6      | Reached XP level 8. HP: 53/62 MP: 8/8
  5194 | D:6      | Found Suqarph's Gadget Emporium.
  5206 | D:6      | Reached skill level 5 in Axes
  5219 | D:6      | Killed Duvessa
  5382 | D:6      | Found an opulent altar of Gozag.
  5738 | D:7      | Found a staircase to the Ecumenical Temple.
  5828 | D:7      | Noticed a hippogriff
  5836 | D:7      | Killed a hippogriff
  5836 | D:7      | Reached skill level 5 in Armour
  5836 | D:7      | Gained mutation: You have a pair of large horns on your
                  | head. [demonic ancestry]
  5836 | D:7      | Reached XP level 9. HP: 62/69 MP: 9/9
  5883 | D:7      | Reached **** piety under Trog
  5956 | Temple   | Entered the Ecumenical Temple
  6021 | D:7      | Noticed Harold
  6039 | D:7      | Killed Harold
  6160 | D:7      | Reached skill level 5 in Dodging
  6488 | D:7      | Found a blossoming altar of Fedhas.
  6811 | D:8      | Gained mutation: You sometimes gain a little power by
                  | taking damage. [demonic ancestry]
  6811 | D:8      | Reached XP level 10. HP: 77/77 MP: 10/10
  6830 | D:8      | Gained mutation: Your natural rate of healing is unusually
                  | fast. [potion of mutation]
  6830 | D:8      | Gained mutation: You evolve. [potion of mutation]
  6830 | D:8      | Gained mutation: You have supernaturally acute eyesight.
                  | (SInv) [potion of mutation]
  7016 | D:8      | Noticed a two-headed ogre
  7037 | D:8      | Killed a two-headed ogre
  7158 | D:8      | Reached skill level 1 in Throwing
  7165 | D:8      | Found a staircase to the Lair.
  7260 | D:8      | Reached ***** piety under Trog
  7398 | D:8      | Found a basalt altar of Yredelemnul.
  7469 | D:8      | Noticed a two-headed ogre
  7477 | D:8      | Killed a two-headed ogre
  7788 | D:9      | Noticed a two-headed ogre
  7803 | D:9      | Killed a two-headed ogre
  7803 | D:9      | Gained mutation: You are slightly more attuned to the
                  | shadows. [demonic ancestry]
  7803 | D:9      | Reached XP level 11. HP: 45/86 MP: 11/11
  7876 | D:9      | Received a gift from Trog
  7876 | D:9      | Reached skill level 10 in Axes
  7943 | D:9      | Noticed Pikel
  7951 | D:9      | Noticed Erica
  7960 | D:9      | Killed Pikel
  7988 | D:9      | Reached skill level 1 in Maces & Flails
  8005 | D:9      | Killed Erica
  8114 | D:9      | Paralysed by a hornet for 3 turns
  8420 | D:9      | Noticed Maurice
  8627 | D:9      | Killed Maurice
  8650 | D:10     | Entered Level 10 of the Dungeon
  8935 | D:10     | Found a staircase to the Orcish Mines.
  8935 | D:10     | Found Iqatous's Armour Boutique.
  8956 | D:10     | Received a gift from Trog
  9052 | D:10     | Bought a +1 plate armour of poison resistance for 352 gold
                  | pieces
  9117 | D:10     | Noticed a tengu warrior
  9174 | D:10     | Killed a tengu warrior
  9174 | D:10     | Reached skill level 5 in Maces & Flails
  9185 | D:10     | Found a large runed translucent door.
  9220 | D:10     | Found a large runed translucent door.
  9233 | D:10     | Found a stormy altar of Qazlal.
  9233 | D:10     | Noticed a flayed ghost
  9243 | D:10     | Noticed a stone giant
  9251 | D:10     | Killed a stone giant
  9252 | D:10     | Killed a flayed ghost
  9284 | D:10     | Found a white marble altar of Elyvilon.
  9481 | D:11     | Reached XP level 12. HP: 83/95 MP: 12/12
  9524 | D:11     | Gained mutation: You have sharp toenails. [evolution]
  9732 | D:11     | Noticed a two-headed ogre
  9742 | D:11     | Killed a two-headed ogre
  9808 | D:11     | Lost mutation: You have sharp toenails. [potion of
                  | mutation]
  9808 | D:11     | Gained mutation: You tend to lose your temper in combat.
                  | [potion of mutation]
  9808 | D:11     | Gained mutation: You expend magic power (3 MP) to
                  | strengthen your wands. [potion of mutation]
  9809 | D:11     | Lost mutation: You expend magic power (3 MP) to strengthen
                  | your wands. [potion of mutation]
  9809 | D:11     | Lost mutation: You tend to lose your temper in combat.
                  | [potion of mutation]
  9809 | D:11     | Lost mutation: You evolve. [potion of mutation]
  9809 | D:11     | Lost mutation: Your natural rate of healing is unusually
                  | fast. [potion of mutation]
  9809 | D:11     | Gained mutation: You are dopey. (Int -2) [potion of
                  | mutation]
  9809 | D:11     | Gained mutation: Your spells are a little harder to cast,
                  | but a little more powerful. [potion of mutation]
 10635 | D:11     | Received a gift from Trog
 11272 | D:12     | Noticed an eight-headed hydra
 11281 | D:12     | Killed an eight-headed hydra
 11423 | D:12     | Noticed a death knight
 11430 | D:12     | Reached skill level 10 in Armour
 11439 | D:12     | Gained mutation: You are mostly covered in slimy green
                  | scales. (AC +3) [demonic ancestry]
 11439 | D:12     | Reached XP level 13. HP: 103/103 MP: 8/13
 11574 | D:12     | Reached skill level 10 in Fighting
 11592 | D:12     | Found a portal to a secret trove of treasure.
 11920 | D:12     | Reached skill level 10 in Maces & Flails
 11931 | D:12     | HP: 3/103 [freezing wraith[a death knight] (15)]
 11932 | D:12     | Slain by a freezing wraith

Levels and vault maps discovered:
D:1:      tarquinn_simple_flora_water_c, layout_rooms, minmay_cupped
D:2:      layout_rooms, first_ration, uniq_terence
D:3:      minmay_chambers_of_threes, layout_rooms, uniq_ijyb
D:4:      layout_gridville, bloody_trog, xom_redecorated
D:5:      layout_basic, kennysheep_mini_moat
D:6:      layout_rooms, nicolae_overflow_hidden_temple, serial_shops,
          nicolae_shop_stone, uniq_duvessa
D:7:      layout_cave_pods, lemuel_coloured_pillars_altar,
          minmay_temple_entry_stoned_glass, solitary_fountain, uniq_harold
D:8:      layout_basic, lemuel_zombie_altar_yredelemnul, lair_entry_dummy
D:9:      layout_rooms, hangedman_pestilent_swarm, uniq_erica, uniq_maurice,
          uniq_pikel
D:10:     layout_roguey, orc_david_3, jmf_multi_god_temple2
D:11:     minmay_the_grid_octo_2x2 [minmay_the_grid_octo_odd_swirl,
          minmay_the_grid_octo_concentric, minmay_the_grid_octo_clover_2,
          minmay_the_grid_octo_prize_ultimate_mussel_roller], layout_stronghold
D:12:     layout_cave_pods, nicolae_trove_entry_crystal
Temple:   compressed_dpeg_circular_temple

Skill      XL: |  1  2  3  4  5  6  7  8  9 10 11 12 13 |
---------------+----------------------------------------+-----
Long Blades    | 3 |  3.8
Armour         | 2 3 5 6 7 9 10 | 10.2
Dodging        | 2 3 4 5 |  5.7
Stealth        | 1 2 |  2.2
Axes           | 2 3 4 6 8 9 10 | 10.1
Fighting       | 4 5 6 8 9 10 | 10.0
Throwing       | 2 3 |  3.0
Maces & Flails | 5 9 10 | 10.1
Evocations     | |  0.2

Action                   |  1- 3 |  4- 6 |  7- 9 | 10-12 | 13-15 || total
-------------------------+-------+-------+-------+-------+-------++-------
Melee: Falchion          |    67 |    52 |       |       |       ||   119
       Hand axe          |       |   130 |   274 |   151 |       ||   555
       Headbutt          |       |    35 |    70 |   186 |    13 ||   304
       Morningstar       |       |       |       |   393 |       ||   393
       Great mace        |       |       |       |   194 |    58 ||   252
       Kick              |       |       |       |    32 |       ||    32
Throw: Throwing net      |       |     1 |       |     1 |       ||     2
       Dart              |       |       |       |    21 |       ||    21
       Javelin           |       |       |       |    12 |       ||    12
Invok: Berserk           |     3 |     1 |     3 |     8 |     1 ||    16
       Trog's Hand       |       |       |     2 |     4 |       ||     6
       Brothers in Arms  |       |       |       |     1 |       ||     1
Evoke: Wand              |       |       |       |     3 |       ||     3
  Use: Scroll            |       |       |       |    13 |       ||    13
       Potion            |       |       |       |     3 |       ||     3
 Stab: Sleeping          |     2 |     1 |       |       |       ||     3
       Held in net/web   |       |     1 |       |       |       ||     1
       Invisible         |       |       |       |     1 |       ||     1
  Eat: Chunk             |     3 |    11 |    12 |    23 |     3 ||    52
       Ration            |       |       |       |     3 |       ||     3
Armor: Animal skin       |    40 |    30 |       |       |       ||    70
       Scale mail        |       |    56 |   129 |       |       ||   185
       Chain mail        |       |       |     1 |    23 |       ||    24
       Plate armour      |       |       |       |   549 |    61 ||   610
Dodge: Dodged            |    75 |   156 |   205 |   993 |   109 ||  1538
       Rpst.: Falchion   |    28 |    17 |       |       |       ||    45
